 Dungeon Crawl Stone Soup version 0.27-a0-1572-gacd6f1ce93 (webtiles) character file.

Game seed: 8380722093041443207

203 Brozuf the Grave Robber (level 5, 0/38 HPs)
             Began as a Vampire Necromancer on July 17, 2021.
             Slain by a bullfrog (2 damage)
             ... in a sewer.
             The game lasted 00:07:42 (3047 turns).

Brozuf the Grave Robber (Vampire Necromancer)       Turns: 3047, Time: 00:07:43

Health: 0/38       AC:  2    Str:  8    XL:     5   Next: 51%
Magic:  9/9        EV: 13    Int: 17    God:
Gold:   53         SH:  0    Dex: 15    Spells: 4/9 levels left

rFire    + . .     SeeInvis +   s - +0 dagger
rCold    + . .     Faith    .   (no shield)
rNeg     . . .     Spirit   .   a - +0 robe
rPois    .         Reflect  .   (no helmet)
rElec    .         Harm     .   (no cloak)
rCorr    .         Rampage  .   (no gloves)
Will     .....                  (no boots)
Stlth    ++........             (no amulet)
HPRegen  0.32/turn              o - ring of protection from cold
MPRegen  0.11/turn              i - ring of protection from fire

@: healing quickly
A: alive, fangs 3, see invisible, vampiric 2
a: Exsanguinate


You were in a sewer.
You visited 1 branch of the dungeon, and saw 3 of its levels.
You also visited: Sewer.

You collected 53 gold pieces.

Inventory:

Hand Weapons
 s - a +0 dagger (weapon)
   (You took it off a goblin on level 1 of the Dungeon)
Missiles
 j - a throwing net {!f}
Armour
 a - a +0 robe (worn)
 t - a +2 ring mail of fire resistance
   (You found it on level 4 of the Dungeon)
Magical Staves
 h - a staff of cold
   (You found it on level 1 of the Dungeon)
Jewellery
 d - a ring of flight
   (You found it on level 1 of the Dungeon)
 i - a ring of protection from fire (right hand)
   (You found it on level 2 of the Dungeon)
 o - a ring of protection from cold (left hand)
   (You found it on level 2 of the Dungeon)
Scrolls
 e - a scroll of enchant armour {unknown}
 f - 2 scrolls of identify {unknown}
 g - a scroll of vulnerability {unknown}
 l - a scroll of fear {unknown}
 m - a scroll of magic mapping {unknown}
 n - a scroll of enchant weapon {unknown}
 r - a scroll of teleportation {unknown}
Potions
 b - a potion of mutation {unknown}
 c - a potion of magic
 k - a potion of heal wounds {unknown}
 p - 2 potions of flight {unknown}
 q - a potion of lignification {unknown}


   Skills:
 + Level 1.9 Fighting
 + Level 3.4 Dodging
 - Level 3.0 Stealth
 + Level 2.9 Spellcasting
 * Level 5.8 Necromancy


You had 4 spell levels left.
You knew the following spells:

 Your Spells              Type           Power      Damage    Failure   Level
a - Pain                  Necr           88%        1d8       1%          1
q - Vampiric Draining     Necr           11%        2d7       4%          3
u - Animate Skeleton      Necr           44%        N/A       1%          1

Your spell library contained the following spells:

 Spells                   Type           Power      Damage    Failure   Level
 Animate Dead             Necr           11%        N/A       16%         4
 Leda's Liquefaction      Hex/Erth       1%         N/A       87%         4
 Agony                    Necr           22%        N/A       41%         5
 Bolt of Magma            Conj/Fire/Erth 1%         4d4       99%         5
 Statue Form              Tmut/Erth      1%         N/A       100%        6


Dungeon Overview and Level Annotations

Branches:
Dungeon (4/15)              Sewer (1/1)
 Temple: D:4-7

Altars:

Annotations:
D:2 Sigmund


Innate Abilities, Weirdness & Mutations

Your natural rate of healing is accelerated.
You have razor-sharp teeth.
You have supernaturally acute eyesight. (SInv)
You are afflicted with vampirism and can become a bat while bloodless.


Message History

The bullfrog closely misses you. The bullfrog hits you.
The bullfrog closely misses you. The bullfrog barely misses you.
The bullfrog releases a deep croak.
The bullfrog completely misses you.
Casting: Pain (safe; 1% risk of failure)
Aiming: Vampiric Draining (dangerous; 5% risk of failure)
Aim: a bullfrog You draw life force from the bullfrog.
You feel life coursing into your body. The bullfrog closely misses you.
Casting: Vampiric Draining (dangerous; 5% risk of failure)
Aiming: Vampiric Draining (dangerous; 5% risk of failure)
Aim: a bullfrog (moderately wounded)
You draw life force from the bullfrog!
You feel life coursing into your body. The bullfrog closely misses you.
The bullfrog misses you.
Casting: Vampiric Draining (dangerous; 5% risk of failure)
Aiming: Vampiric Draining (dangerous; 5% risk of failure)
Aim: a bullfrog (severely wounded)
You draw life force from the bullfrog!
You kill the bullfrog!
You start resting.
A bullfrog is nearby!
Unknown command.
Unknown command.
You enter the shallow water.
Moving in this stuff is going to be slow.
You see here a bullfrog corpse.
The bullfrog croaks.
The bullfrog misses you. The bullfrog barely misses you.
The bullfrog completely misses you. The bullfrog barely misses you.
The bullfrog hits you! x2
The bullfrog hits you. The bullfrog hits you!
* * * LOW HITPOINT WARNING * * *
Unknown command.
Casting: Vampiric Draining (dangerous; 4% risk of failure)
You don't have enough magic to cast this spell.
Unknown command.
The bullfrog hits you!
* * * LOW HITPOINT WARNING * * *
The bullfrog hits you.
* * * LOW HITPOINT WARNING * * *
Unknown command.
The bullfrog barely misses you. The bullfrog closely misses you.
Unknown command.
Unknown command.
Casting: Vampiric Draining (dangerous; 4% risk of failure)
You don't have enough magic to cast this spell.
Unknown command.
It was a potion of magic.
Magic courses through your body. The bullfrog barely misses you.
The bullfrog hits you.
You die...

#.≈≈≈≈≈≈≈≈≈≈≈≈≈≈≈≈≈≈≈≈.#
#.≈≈≈≈≈≈≈≈≈≈≈≈≈≈≈≈≈≈≈≈≈#
#.≈≈≈≈..†≈≈≈≈≈≈≈≈≈.≈≈†≈#
#.≈≈≈.≈≈≈≈≈≈≈≈########.#
#.≈≈≈.≈≈≈≈≈≈≈≈≈## #≈#
#.≈≈≈≈≈≈≈≈≈≈≈≈≈≈# #.#
#.≈≈≈≈≈≈≈≈≈≈≈≈≈≈# #≈#
#.≈≈≈≈≈≈≈F≈≈≈≈≈≈≈# #.#
#.≈≈≈≈≈≈≈@≈≈..∩≈≈# #≈#
#.≈≈≈≈≈≈≈≈....≈≈≈# #.#
#.≈≈≈≈≈≈≈≈≈≈.≈≈≈≈≈# #.#
### #.≈≈≈≈≈≈≈≈≈≈≈≈≈≈≈≈#
#.# #.#
#.≈≈≈≈≈≈≈.≈$.≈≈≈≈≈# #.#
#∩# #.≈≈≈≈≈≈≈.?$[.≈≈≈≈
#.# #.#
#.≈≈≈≈≈≈≈≈≈(.≈≈≈≈ #.#
#∩# #.≈≈≈.≈≈≈≈≈.≈.≈≈≈
#.# #.# #.≈≈≈.≈≈≈≈≈≈≈≈≈≈
#.#


You could see a bullfrog.

Vanquished Creatures
  A bullfrog (Sewer)
  Terence (D:2)
  4 adders
  A river rat (D:4)
  A worm (D:4)
  A dart slug (D:1)
  6 ball pythons
  An endoplasm (D:1)
  6 giant cockroaches (Sewer)
  10 goblins
  7 hobgoblins
  4 jackals
  2 kobolds (D:1)
  3 quokkas
  8 frilled lizards
  3 rats
59 creatures vanquished.

Vanquished Creatures (others)
  A fungus (D:1)
1 creature vanquished.

Grand Total: 60 creatures vanquished

Notes
Turn   | Place    | Note
-------+----------+-------------------------------------------
     0 | D:1      | Brozuf the Vampire Necromancer began the quest for the Orb.
     0 | D:1      | Reached XP level 1. HP: 13/13 MP: 3/3
   354 | D:1      | Reached XP level 2. HP: 17/20 MP: 0/5
   495 | D:1      | Found a faded altar of an unknown god.
  1148 | D:2      | Gained mutation: You are afflicted with vampirism and can
                  | become a bat while bloodless. [Vampire growth]
  1148 | D:2      | Reached XP level 3. HP: 25/25 MP: 4/6
  1258 | D:2      | Noticed Sigmund
  1450 | D:1      | Reached skill level 1 in Fighting
  1591 | D:1      | Learned a level 1 spell: Animate Skeleton
  1595 | D:1      | Learned a level 3 spell: Vampiric Draining
  2010 | D:2      | Noticed Terence
  2038 | D:2      | Killed Terence
  2039 | D:2      | Reached skill level 5 in Necromancy
  2162 | D:2      | Reached XP level 4. HP: 30/32 MP: 4/7
  2416 | D:2      | You fall into a shaft and drop 2 floors!
  2526 | D:4      | Found a glowing drain.
  2607 | Sewer    | Entered a sewer
  2892 | Sewer    | Reached XP level 5. HP: 32/37 MP: 2/9
  3044 | Sewer    | HP: 1/38 [bullfrog (6)]
  3047 | Sewer    | Slain by a bullfrog

Illustrated notes

Levels and vault maps discovered:
D:1:      dpeg_arrival_simpleton_c, layout_loops_ring,
          shapermc_ecumenical_altar_rom_forum, minmay_heptomino_w4
D:2:      minmay_diamond_boxcup, layout_loops_corners, uniq_terence,
          uniq_sigmund
D:4:      layout_basic, minmay_temple_entry_trees, serial_shops, shop_fountains,
          cheibrodos_sewer_entry_sluice, uniq_purgy
Sewer:    sewer_frog_island_01

Skill      XL: |  1  2  3  4 |
---------------+-------------+-----
Fighting       | 1 |  1.9
Necromancy     | 5 |  5.8
Dodging        | 3 |  3.4
Stealth        | |  3.0
Spellcasting   | |  2.9

Action                   |  1- 3 |  4- 6 || total
-------------------------+-------+-------++-------
Melee: Unarmed           |    13 |       ||    13
       Bite              |     7 |     2 ||     9
       Dagger            |    77 |    49 ||   126
 Cast: Pain              |    58 |    40 ||    98
       Vampiric Draining |       |     3 ||     3
  Use: Potion            |       |     1 ||     1
Armor: Robe              |    11 |     7 ||    18
Dodge: Dodged            |    55 |    54 ||   109

Table legend: (Time is in decaauts)
 A = Elapsed time spent in this place.
 B = Non-inter-level travel time spent in this place.
 C = Inter-level travel time spent in this place.
 D = Time resting spent in this place.
 E = Time spent auto-exploring this place.
 F = Levels seen in this place.
 G = Mean time per level.
                   A        B        C        D        E       F      G
               +--------+--------+--------+--------+--------+-----+--------+
         Total |   3104 |   2974 |    130 |    939 |   1290 |   4 |  776.0 |
       Dungeon |   2611 |   2481 |    130 |    790 |   1111 |   3 |  870.3 |
         Sewer |    492 |    492 |      0 |    149 |    179 |   1 |  492.0 |
               +--------+--------+--------+--------+--------+-----+--------+

Top non-repeatable levels by time:
     D:1: 1488 daAuts
     D:2: 931 daAuts
   Sewer: 492 daAuts
     D:4: 192 daAuts
